Map: Thunderbird LE

Players

Woah - Winner!

  • Race: Terran Terran
  • League: Platinum
  • Spawn Location: 11:00

arctur

  • Race: Protoss Protoss
  • League: Diamond
  • Spawn Location: 5:00

VOD

Have the link to the VOD?

Description

Time

  • Played on: June 10, 2019, 9:48 a.m.
  • Length: 15:52
Show
View Real Time Build Order
Export as new Build Order

Woah Terran - Winner!

Build Orders: Reaper Expand 

Get SALT Encoding   

  12  0:01  SCV  
  13  0:13  SCV  
  14  0:17  Supply Depot  
  14  0:25  SCV  
  15  0:41  Barracks  
  15  0:44  Refinery  
  15  0:47  SCV  
  16  1:03  SCV  
  17  1:15  SCV  
  18  1:30  Reaper, Orbital Command  
  19  1:45  Command Center  
  19  1:56  SCV  
  19  1:59  Refinery  
  20  2:05  Barracks  
  20  2:12  Barracks Tech Lab  
  20  2:18  SCV  
  20  2:19  Supply Depot  
  21  2:35  Factory  
  21  2:38  SCV  
  22  3:05  Barracks Reactor  
  22  3:06  Combat Shield  
  22  3:08  Marauder  
  22  3:10  Orbital Command  
  24  3:15  Bunker  
  23  3:33  Barracks  
  23  3:34  Marauder  
  23  3:39  SCV  
  25  3:56  Marauder  
  25  3:59  SCV  
  28  4:05  Engineering Bay  
  28  4:13  SCV, Marine x2  
  28  4:14  Factory Tech Lab  
  31  4:18  SCV, Starport  
  32  4:26  SCV, Engineering Bay  
  32  4:29  Supply Depot  
  32  4:30  SCV  
  34  4:44  Stimpack  
  34  4:45  Marauder x2  
  38  4:46  Marine x2  
  38  4:47  SCV  
  38  4:48  SCV  
  38  4:52  Terran Infantry Weapons Level 1  
  42  4:59  SCV  
  43  5:00  SCV  
  44  5:07  Factory Tech Lab  
  44  5:08  Marine  
  44  5:11  Marauder x2  
  44  5:12  SCV x2  
  51  5:24  SCV  
  52  5:32  Marauder  
  54  5:37  Terran Infantry Armor Level 1  
  54  5:42  Refinery x2  
  54  6:26  Command Center  
  54  6:32  SCV x2, Marine  
  59  6:33  Marauder  
  59  6:36  Supply Depot x2  
  59  6:39  Medivac  
  61  6:42  Barracks Tech Lab  
  61  6:44  SCV  
  62  6:57  SCV x2, Medivac, Siege Tank  
  64  7:08  Marauder x2, Marine  
  58  7:09  SCV  
  54  7:26  Marine  
  54  7:29  Armory, Barracks, Marine x2  
  57  7:30  Barracks  
  57  7:32  Barracks  
  57  7:37  Siege Tank  
  57  7:44  Marine  
  60  7:47  Marauder, Marine  
  60  7:48  Bunker  
  61  8:04  Marauder  
  61  8:05  Marine  
  63  8:09  Marauder  
  58  8:23  Marine  
  59  8:32  Orbital Command  
  59  8:35  Barracks Reactor x3  
  59  8:40  Terran Infantry Weapons Level 2  
  59  8:41  Terran Infantry Armor Level 2  
  59  8:42  Bunker  
  59  8:43  Marine x3  
  62  8:57  SCV x2  
  62  9:00  Marine x2  
  62  9:01  Marine  
  67  9:06  Ghost Academy  
  67  9:09  SCV x2  
  69  9:11  Marine  
  69  9:12  Marine x4  
  74  9:17  SCV  
  74  9:18  Marine  
  74  9:21  SCV x2  
  78  9:27  Supply Depot  
  78  9:32  SCV  
  78  9:33  SCV, Command Center  
  78  9:34  SCV  
  78  9:37  Refinery x2  
  78  9:38  Ghost  
  81  9:41  Marine  
  81  9:44  Marine  
  81  9:45  Ghost  
  87  9:50  Missile Turret  
  89  10:01  Ghost  
  89  10:03  Marine  
  89  10:04  Marine x5  
  89  10:06  Ghost  
  95  10:08  Viking  
  95  10:09  Viking  
  101  10:23  Supply Depot  
  101  10:24  Supply Depot  
  101  10:25  Supply Depot  
  101  10:40  Ghost, Marine x6  
  109  10:44  Medivac, Marine x2  
  113  10:58  Marine x6  
  122  11:10  Starport  
  122  11:12  Fusion Core  
  121  11:19  Terran Infantry Weapons Level 3  
  77  11:34  Marine x2  
  77  11:35  Marauder x2, Marine x4  
  82  11:41  Ghost  
  82  11:43  Planetary Fortress  
  84  11:55  Marine  
  84  11:56  Marauder x2, Marine x2  
  84  11:59  Siege Tank, Marine x3  
  97  12:10  Marine  
  97  12:13  Marine x2  
  97  12:14  Marine  
  101  12:17  Marauder  
  101  12:18  Marauder  
  98  12:39  Marauder x2, Marine  
  98  12:40  Marauder  
  98  12:41  Marine x3  
  98  12:42  Marine x2  
  110  12:57  Marine  
  111  13:00  Sensor Tower, Ghost x2  
  111  13:01  Marauder  
  111  13:03  Marine  
  111  13:04  Refinery, Marine x4  
  111  13:05  Refinery  
  119  13:15  Marine  
  120  13:21  Marine x2  
  120  13:22  Marine x4  
  126  13:29  Viking x2, Marine x2  
  126  13:32  Marine  
  133  13:37  Starport Tech Lab  
  133  13:39  Starport, Marine x4  
  133  13:40  Marine x2  
  133  13:41  Starport  
  139  13:47  Marine x2  
  141  13:49  Command Center  
  141  13:50  Marine  
  142  13:57  Marine  
  142  13:58  Marauder  
  145  14:25  Marauder, Marine  
  145  14:26  Marauder, Marine x6  
  156  14:43  Marine x2  
  156  14:44  Marine x5  
  163  14:46  Marine  
  163  14:48  Marine  
  83  15:25  Marine  
  83  15:26  Marauder, Marine x2  
Show
View Real Time Build Order
Export as new Build Order

arctur Protoss 

Build Orders: Chargelot Immortal 

Get SALT Encoding   

  1  0:00  Probe  
  12  0:06  Probe  
  14  0:21  Pylon  
  14  0:24  Probe  
  15  0:39  Probe  
  16  0:44  Gateway  
  16  0:51  Probe  
  17  1:01  Gateway  
  17  1:08  Assimilator  
  17  1:17  Probe  
  18  1:24  Pylon  
  18  1:35  Cybernetics Core  
  18  1:36  Probe  
  18  1:37  Cybernetics Core  
  18  1:44  Probe  
  20  2:10  Nexus  
  20  2:13  Adept  
  20  2:17  Warp Gate, Adept  
  22  3:07  Twilight Council  
  22  3:09  Gateway  
  22  3:17  Gateway  
  22  3:24  Probe x2  
  24  3:30  Assimilator  
  24  3:36  Probe x2  
  26  3:48  Probe x2  
  28  3:52  Charge  
  28  4:00  Probe x2  
  30  4:04  Gateway  
  30  4:06  Gateway  
  30  4:20  Robotics Facility  
  30  4:29  Probe x2  
  32  4:31  Pylon  
  32  4:38  Stalker, Pylon  
  32  4:41  Probe  
  35  4:59  Templar Archives  
  35  5:06  Assimilator  
  35  5:08  Assimilator  
  35  5:11  Immortal  
  39  5:26  Zealot x3  
  45  5:34  Stalker  
  47  5:37  Stalker  
  49  5:43  Probe x2  
  51  5:51  Probe x2  
  51  5:55  Psionic Storm  
  53  5:59  Probe  
  54  6:13  Sentry  
  54  6:16  Stalker  
  58  6:22  Probe, Warp Prism  
  58  6:23  Probe  
  60  6:31  Pylon  
  62  6:39  Pylon  
  62  6:49  Probe x2  
  64  7:01  Probe  
  57  7:20  Immortal  
  57  7:25  Zealot x4  
  65  7:30  Pylon  
  65  7:32  Pylon  
  49  8:20  High Templar  
  49  8:21  High Templar  
  49  8:40  Gateway  
  49  8:41  Gateway  
  49  8:50  Zealot  
  49  8:51  Zealot x3  
  49  8:55  Immortal, Nexus  
  57  9:00  Pylon  
  57  9:03  Gateway  
  57  9:04  Pylon, Gateway  
  57  9:07  Gateway  
  57  9:08  Pylon  
  61  9:11  Pylon  
  61  9:13  Stalker  
  61  9:14  Stalker, Assimilator  
  65  9:18  Assimilator  
  65  9:21  Blink  
  65  9:24  Zealot x3, Immortal  
  75  9:50  Forge  
  75  9:53  Forge  
  75  9:59  Shield Battery  
  75  10:00  Shield Battery  
  75  10:03  Observer  
  75  10:04  Zealot x4  
  84  10:09  Probe  
  85  10:17  Sentry x2, Protoss Ground Weapons Level 1  
  85  10:18  Protoss Ground Armor Level 1  
  85  10:19  Zealot x2  
  85  10:20  Zealot  
  95  10:36  Zealot x2  
  95  10:41  High Templar x3  
  105  11:04  Pylon  
  105  11:05  Zealot x3, Pylon  
  105  11:06  Zealot  
  105  11:07  Pylon  
  58  11:35  Immortal  
  44  11:42  Zealot x7  
  44  11:43  Zealot x2  
  62  11:48  High Templar x2  
  66  11:59  Robotics Bay  
  66  12:07  Zealot  
  68  12:19  Protoss Shields Level 1  
  68  12:25  Zealot  
  68  12:26  Zealot x2  
  68  12:27  Zealot  
  68  12:28  Zealot  
  78  12:34  Stalker  
  78  12:35  Stalker x2  
  84  12:41  Zealot  
  86  12:58  Nexus  
  86  13:10  Colossus  
  92  13:35  High Templar x2  
  92  13:36  High Templar x2  
  100  13:51  Robotics Facility  
  100  14:00  Zealot x4  
  108  14:09  Probe  
  108  14:13  Probe  
  110  14:17  Probe  
  110  14:19  Colossus  
  83  15:25  Zealot x4  
  69  15:33  Stalker x3  
  59  15:44  Zealot x2  
  59  15:48  High Templar x2  
Tags
 
Matchup
PvT
Replay Pack
r1
Spawn Locations
Cross Positions
Add a new tag
Caveats
  • Supply blocks, unpowered buildings, or Contaminate may cause inaccurate times.
  • Supply counts are checked every 10 seconds.